[Event "10th Sharjah Cup Women 2020"]
[Site "Sharjah"]
[Date "2020.01.12"]
[Round "9.9"]
[White "Samaganova, Alexandra"]
[Black "Gong, Qianyun"]
[Result "0-1"]
[ECO "A35"]
[WhiteElo "2008"]
[BlackElo "2371"]
[Annotator "ChessBase"]
[PlyCount "98"]
[EventDate "2020.01.04"]
[EventType "swiss"]
[EventCountry "UAE"]
[SourceTitle "playchess.com"]
[Source "ChessBase"]
[SourceQuality "1"]
[TimeControl "5400+30"]

1. c4 c5 2. Nc3 Nc6 3. Nf3 d6 4. e3 e5 5. d4 cxd4 6. exd4 Bg4 7. d5 Nd4 8. Be2 Nxe2 9. Qxe2 Be7 10. h3 Bh5 11. g4 Bg6 12. Ne4 Nf6 13. Ng3 h5 14. Nh4 hxg4 15. Nxg6 fxg6 16. hxg4 Rxh1+ 17. Nxh1 Qd7 18. f3 Kf7 19. Be3 Rc8 20. Nf2 a6 21. b3 b5 22. Rc1 bxc4 23. bxc4 Qd8 24. Qd2 Qh8 25. c5 Qh2 26. c6 Qg2 27. g5 Nh5 28. Ne4 Qh3 29. Qe2 Ng3 30. Nxg3 Qxg3+ 31. Qf2 Qh3 32. Kd2 Qf5 33. f4 e4 34. Ke1 Qxd5 35. Qc2 Bd8 36. Qa4 Qa5+ 37. Qxa5 Bxa5+ 38. Ke2 Bc7 39. Rc4 d5 40. Rb4 Ke6 41. Rb7 a5 42. Ra7 Kf5 43. Rb7 Kg4 44. Rb5 Bxf4 45. Rxd5 Rxc6 46. Bd4 Rc2+ 47. Kd1 Rd2+ 48. Ke1 e3 49. Rd8 Bg3+ 0-1

[Event "10th Sharjah Cup Women 2020"]
[Site "Sharjah"]
[Date "2020.01.12"]
[Round "9.10"]
[White "Radeva, Viktoria"]
[Black "Boshra, Alshaeby"]
[Result "1-0"]
[ECO "B38"]
[WhiteElo "2338"]
[BlackElo "1979"]
[Annotator "ChessBase"]
[PlyCount "73"]
[EventDate "2020.01.04"]
[EventType "swiss"]
[EventCountry "UAE"]
[SourceTitle "playchess.com"]
[Source "ChessBase"]
[SourceQuality "1"]
[TimeControl "5400+30"]

1. e4 c5 2. Nf3 g6 3. c4 Bg7 4. d4 cxd4 5. Nxd4 Nc6 6. Be3 Nf6 7. Nc3 O-O 8. Be2 b6 9. O-O Bb7 10. f3 e6 11. Ndb5 d5 12. exd5 exd5 13. cxd5 Nb4 14. d6 Nfd5 15. Bf2 Qg5 16. Ne4 Qf4 17. Qb3 a5 18. a4 f5 19. Nec3 Kh8 20. Qc4 Qg5 21. h4 Qh6 22. Nxd5 Nxd5 23. Nc7 Rac8 24. Rfe1 g5 25. Bd4 gxh4 26. Bf1 h3 27. d7 Rxc7 28. Re8 Kg8 29. d8=Q Rxc4 30. Rxf8+ Bxf8 31. Bxc4 Qe6 32. Qg5+ Kf7 33. Qh5+ Kg8 34. Qxh3 Bd6 35. Qh4 Be7 36. Qg3+ Kf8 37. Qb8+ 1-0

[Event "10th Sharjah Cup Women 2020"]
[Site "Sharjah"]
[Date "2020.01.12"]
[Round "9.11"]
[White "Dhyana Patel"]
[Black "Heinemann, Josefine"]
[Result "0-1"]
[ECO "B53"]
[WhiteElo "1969"]
[BlackElo "2317"]
[Annotator "ChessBase"]
[PlyCount "118"]
[EventDate "2020.01.04"]
[EventType "swiss"]
[EventCountry "UAE"]
[SourceTitle "playchess.com"]
[Source "ChessBase"]
[SourceQuality "1"]
[TimeControl "5400+30"]

1. e4 c5 2. Nf3 d6 3. d4 cxd4 4. Qxd4 Nf6 5. Bb5+ Bd7 6. Bxd7+ Qxd7 7. O-O Nc6 8. Qd3 g6 9. c4 Bg7 10. Nc3 O-O 11. h3 Rac8 12. Bg5 Nb4 13. Qe2 Qe6 14. b3 h6 15. Bf4 Nd7 16. Rac1 Nc5 17. Rfd1 g5 18. Bh2 Nc6 19. Re1 Nb4 20. Red1 Qg6 21. Nd5 Nxd5 22. exd5 Rfe8 23. Qc2 Qxc2 24. Rxc2 a6 25. Nd4 Bxd4 26. Rxd4 b5 27. f4 f6 28. fxg5 hxg5 29. h4 gxh4 30. Rxh4 Kf7 31. Bg3 Rh8 32. Rxh8 Rxh8 33. b4 Nd3 34. a3 Rc8 35. c5 dxc5 36. bxc5 Rxc5 37. Rxc5 Nxc5 38. Kf1 Ne4 39. Be1 f5 40. Bb4 Nf6 41. d6 e5 42. Ke2 Ke6 43. Kf3 Ne4 44. g4 Nxd6 45. gxf5+ Nxf5 46. Ke4 Nd6+ 47. Kd3 Kd5 48. Kc3 Nc4 49. Kb3 Nb6 50. Ba5 Na4 51. Be1 Kd4 52. Kb4 e4 53. Ka5 Nc5 54. Kb6 e3 55. Bh4 Kc4 56. Ka5 e2 57. Kb6 Nd3 58. Kxa6 e1=Q 59. Bxe1 Nxe1 0-1

[Event "10th Sharjah Cup Women 2020"]
[Site "Sharjah"]
[Date "2020.01.12"]
[Round "9.12"]
[White "Soyunlu, Narmin"]
[Black "Bykova, Anastasia"]
[Result "0-1"]
[ECO "A06"]
[WhiteElo "2020"]
[BlackElo "2247"]
[Annotator "ChessBase"]
[PlyCount "92"]
[EventDate "2020.01.04"]
[EventType "swiss"]
[EventCountry "UAE"]
[SourceTitle "playchess.com"]
[Source "ChessBase"]
[SourceQuality "1"]
[TimeControl "5400+30"]

1. Nf3 d5 2. c4 c6 3. g3 Nf6 4. Bg2 Bg4 5. Ne5 Bf5 6. cxd5 cxd5 7. Qa4+ Nc6 8. Nc3 Rc8 9. d4 e6 10. Nxc6 bxc6 11. Qxa7 Bd6 12. Qa4 O-O 13. O-O Qb6 14. Qd1 e5 15. e3 Bg4 16. f3 Bh5 17. a3 exd4 18. exd4 Ra8 19. Kh1 Rfe8 20. b4 Qa6 21. Ra2 Bg6 22. Bg5 Nd7 23. Bf4 Bxf4 24. gxf4 Re3 25. b5 Qb6 26. bxc6 Qxc6 27. Ne2 Bd3 28. Rf2 Rae8 29. Rb2 Qa6 30. Bf1 h5 31. Nc1 Bxf1 32. Rxf1 Qd6 33. Nd3 Qxa3 34. Rb3 Qa4 35. Nc5 Nxc5 36. Rxe3 Rxe3 37. dxc5 Qc4 38. Qb1 Qxc5 39. f5 Qd6 40. f4 d4 41. Qc1 Qd5+ 42. Kg1 Qxf5 43. Rf2 Qe4 44. Qc4 Re1+ 45. Rf1 Qe3+ 46. Kg2 Re2+ 0-1

[Event "10th Sharjah Cup Women 2020"]
[Site "Sharjah"]
[Date "2020.01.12"]
[Round "9.13"]
[White "Suleimanova, Ava"]
[Black "Kyrkjebo, Marte B."]
[Result "1/2-1/2"]
[ECO "A07"]
[WhiteElo "2213"]
[BlackElo "1880"]
[Annotator "ChessBase"]
[PlyCount "141"]
[EventDate "2020.01.04"]
[EventType "swiss"]
[EventCountry "UAE"]
[SourceTitle "playchess.com"]
[Source "ChessBase"]
[SourceQuality "1"]
[TimeControl "5400+30"]

1. Nf3 Nf6 2. g3 d5 3. Bg2 c6 4. O-O Bg4 5. c4 Nbd7 6. b3 e6 7. Bb2 Be7 8. d3 O-O 9. Nbd2 a5 10. a3 Ne8 11. h3 Bh5 12. Ra2 Bf6 13. d4 Nc7 14. g4 Bg6 15. Ne5 Nxe5 16. dxe5 Be7 17. Qc1 f6 18. cxd5 exd5 19. e4 fxe5 20. Bxe5 Bd6 21. Ba1 Bf4 22. exd5 Nxd5 23. Qc4 Kh8 24. Ne4 Qc7 25. Kh1 Be5 26. Ng5 Nf4 27. Ne6 Nxe6 28. Qxe6 Bxa1 29. Raxa1 Rae8 30. Qc4 Qb6 31. Rae1 Rxe1 32. Rxe1 Rxf2 33. Qe6 Rf8 34. Qe7 Kg8 35. Qe3 Qxe3 36. Rxe3 Re8 37. Rc3 Re1+ 38. Kh2 Rb1 39. Rc5 Rxb3 40. Rxa5 Kf7 41. Ra8 Bd3 42. Rb8 Bc4 43. a4 Kf6 44. a5 Rb5 45. Ra8 Rb2 46. Kg3 Ra2 47. Ra7 Bd5 48. Bxd5 cxd5 49. h4 h6 50. h5 Ra4 51. Kf3 Rb4 52. Ra8 Ke5 53. Re8+ Kf6 54. Ra8 d4 55. a6 bxa6 56. Rxa6+ Ke5 57. Ra5+ Kf6 58. Ra6+ Kf7 59. Ra7+ Kg8 60. Ra8+ Kf7 61. Ra7+ Kg8 62. Ra8+ Kh7 63. Rd8 Rb3+ 64. Ke4 Rg3 65. Kf4 Rd3 66. Ke4 Rd1 67. Rxd4 Rxd4+ 68. Kxd4 g6 69. Ke5 gxh5 70. gxh5 Kg7 71. Ke4 1/2-1/2

[Event "10th Sharjah Cup Women 2020"]
[Site "Sharjah"]
[Date "2020.01.12"]
[Round "9.14"]
[White "Kiolbasa, Oliwia"]
[Black "Shanya Mishra"]
[Result "1-0"]
[ECO "A00"]
[WhiteElo "2196"]
[BlackElo "1907"]
[Annotator "ChessBase"]
[PlyCount "83"]
[EventDate "2020.01.04"]
[EventType "swiss"]
[EventCountry "UAE"]
[SourceTitle "playchess.com"]
[Source "ChessBase"]
[SourceQuality "1"]
[TimeControl "5400+30"]

1. e3 d5 2. Nf3 c5 3. d4 Nf6 4. c4 e6 5. cxd5 exd5 6. Bb5+ Bd7 7. Bxd7+ Nbxd7 8. dxc5 Nxc5 9. O-O Bd6 10. Bd2 O-O 11. Bc3 Nfe4 12. Bd4 Ne6 13. Nc3 Bb4 14. Ne2 N6g5 15. Nxg5 Qxg5 16. Qb3 Bd6 17. Rad1 Rae8 18. f4 Qh5 19. Rf3 Re6 20. Ng3 Nxg3 21. Rxg3 Rg6 22. Bxa7 Rxg3 23. hxg3 Qg4 24. Qxd5 Be7 25. Qf3 Qc8 26. Bd4 Qc2 27. Rf1 b6 28. Qg4 g6 29. Qd7 Bc5 30. Qc6 Qd2 31. Qf6 Bxd4 32. Qxd4 Rd8 33. Qxd2 Rxd2 34. Rf2 Rd1+ 35. Kh2 Re1 36. Rc2 Rxe3 37. Rc6 Kg7 38. Rxb6 Kh6 39. a4 Kh5 40. a5 f5 41. a6 Re1 42. Rb3 1-0

[Event "10th Sharjah Cup Women 2020"]
[Site "Sharjah"]
[Date "2020.01.12"]
[Round "9.15"]
[White "Kyrkjebo, Hanna B."]
[Black "Drljevic, Ljilja"]
[Result "0-1"]
[ECO "B06"]
[WhiteElo "1963"]
[BlackElo "2193"]
[Annotator "ChessBase"]
[PlyCount "136"]
[EventDate "2020.01.04"]
[EventType "swiss"]
[EventCountry "UAE"]
[SourceTitle "playchess.com"]
[Source "ChessBase"]
[SourceQuality "1"]
[TimeControl "5400+30"]

1. e4 g6 2. d4 d6 3. Nc3 Bg7 4. Be3 a6 5. Qd2 b5 6. Bd3 Nd7 7. a4 b4 8. Nce2 c5 9. c3 Rb8 10. Nf3 h6 11. Ng3 e6 12. O-O Ne7 13. Qe2 Qa5 14. Qc2 O-O 15. Bf4 e5 16. dxe5 dxe5 17. Be3 b3 18. Qd1 Rd8 19. Bc4 Qc7 20. Qc1 Nb6 21. Bxb3 c4 22. Bc2 Kh7 23. Nd2 Be6 24. Kh1 Nd7 25. f4 exf4 26. Bxf4 Be5 27. Bxe5 Nxe5 28. Nf3 N7c6 29. Ne2 Nxf3 30. Rxf3 Bg4 31. Rf2 Bxe2 32. Rxe2 Ne5 33. Rb1 Rb6 34. Qf4 Rdb8 35. Rd1 Rxb2 36. Red2 Qe7 37. Rd5 f6 38. R5d2 R8b7 39. Rf1 Kg7 40. h3 a5 41. Rdf2 Ra2 42. Bb1 Rxa4 43. Qg3 Ra1 44. Bc2 Ra2 45. Bd1 Rxf2 46. Qxf2 Qd6 47. Bf3 Nd3 48. Qa2 Qc5 49. e5 Rf7 50. e6 Re7 51. Be4 Ne5 52. Ra1 Rxe6 53. Qxa5 Qxa5 54. Rxa5 f5 55. Bd5 Rb6 56. Ra7+ Kf6 57. Rc7 Rb3 58. Ra7 Rxc3 59. Ra6+ Kg5 60. Re6 Kf4 61. Kh2 Rc2 62. Re8 Rd2 63. Bb7 c3 64. Rc8 c2 65. Rc3 Nd3 66. Rc4+ Ke5 67. Rc3 c1=Q 68. Rxc1 Nxc1 0-1

[Event "10th Sharjah Cup Women 2020"]
[Site "Sharjah"]
[Date "2020.01.12"]
[Round "9.16"]
[White "Al Maamari, Wafia Darwish"]
[Black "Babayan, Armine"]
[Result "0-1"]
[ECO "B32"]
[WhiteElo "1866"]
[BlackElo "2186"]
[Annotator "ChessBase"]
[PlyCount "72"]
[EventDate "2020.01.04"]
[EventType "swiss"]
[EventCountry "UAE"]
[SourceTitle "playchess.com"]
[Source "ChessBase"]
[SourceQuality "1"]
[TimeControl "5400+30"]

1. e4 c5 2. Nf3 Nc6 3. d4 cxd4 4. Nxd4 Qb6 5. Nb3 Nf6 6. Nc3 e6 7. a3 a6 8. Bf4 h5 9. Be2 h4 10. e5 Qc7 11. exf6 Qxf4 12. fxg7 Bxg7 13. Qd2 Qxd2+ 14. Kxd2 b5 15. Rad1 Bh6+ 16. Ke1 Ne5 17. Ne4 d5 18. Nf6+ Ke7 19. Ng4 Bg7 20. Nxe5 Bxe5 21. Nd4 Bd7 22. h3 Rag8 23. Kf1 Rb8 24. c3 Rhc8 25. Nf3 Bf6 26. g4 hxg3 27. fxg3 a5 28. Nd2 b4 29. cxb4 axb4 30. axb4 Bxb2 31. b5 Bxb5 32. Bxb5 Rxb5 33. g4 Rc2 34. h4 Bh8 35. g5 Rbb2 36. Nb1 Bd4 0-1

[Event "10th Sharjah Cup Women 2020"]
[Site "Sharjah"]
[Date "2020.01.12"]
[Round "9.17"]
[White "Michelle Catherina, P."]
[Black "Mariam, Essa"]
[Result "1-0"]
[ECO "B40"]
[WhiteElo "2143"]
[BlackElo "1560"]
[Annotator "ChessBase"]
[PlyCount "109"]
[EventDate "2020.01.04"]
[EventType "swiss"]
[EventCountry "UAE"]
[SourceTitle "playchess.com"]
[Source "ChessBase"]
[SourceQuality "1"]
[TimeControl "5400+30"]

1. e4 c5 2. Nf3 e6 3. d4 cxd4 4. Nxd4 Nf6 5. Nc3 Nc6 6. Be2 d5 7. exd5 Nxd5 8. Nxd5 Qxd5 9. Bf3 Qe5+ 10. Be3 Nxd4 11. Qxd4 Qxd4 12. Bxd4 Rg8 13. O-O-O Bd6 14. Rd3 Bf4+ 15. Be3 Bxe3+ 16. Rxe3 Ke7 17. Rhe1 Rd8 18. Be4 g6 19. g4 Rb8 20. Rh3 h5 21. gxh5 e5 22. Ra3 gxh5 23. Bf3 f6 24. Rxa7 Rd4 25. Bxh5 Rh4 26. Bd1 Rxh2 27. f4 Kd6 28. fxe5+ fxe5 29. Ra5 b5 30. a4 bxa4 31. Rexe5 Rh1 32. Re4 Bb7 33. Rd4+ Kc7 34. Raxa4 Bf3 35. Rac4+ Kb6 36. Rc3 Ra8 37. Rxf3 Ra1+ 38. Kd2 Raxd1+ 39. Kc3 Rb1 40. b3 Rh5 41. Rb4+ Kc5 42. Rbf4 Kd6 43. Rf5 Rh4 44. R5f4 Rh5 45. Kb4 Rh8 46. Kc3 Rh5 47. Rf6+ Ke5 48. Rf1 Rh3+ 49. R6f3 Rxf1 50. Rxh3 Rf4 51. Rd3 Ke6 52. b4 Ke7 53. Rd4 Rf6 54. b5 Rf5 55. Kb4 1-0

[Event "10th Sharjah Cup Women 2020"]
[Site "Sharjah"]
[Date "2020.01.12"]
[Round "9.18"]
[White "Greibrokk, Ingrid"]
[Black "Khalil, Hanan"]
[Result "1-0"]
[ECO "A10"]
[WhiteElo "1855"]
[BlackElo "1360"]
[Annotator "NA"]
[PlyCount "101"]
[EventDate "2020.01.04"]
[EventType "swiss"]
[EventCountry "UAE"]
[SourceTitle "playchess.com"]
[Source "ChessBase"]
[SourceQuality "1"]
[TimeControl "5400+30"]

1. c4 d6 2. Nc3 e5 3. g3 Nf6 4. Bg2 Be7 5. e3 c6 6. Nge2 Nbd7 7. O-O O-O 8. b3 Re8 9. Bb2 Bf8 10. d4 Qc7 11. Qd2 a6 12. Rad1 Rb8 13. Ba3 exd4 14. Qxd4 Nc5 15. Nf4 a5 16. Rfe1 Bf5 17. e4 Bg6 18. Nxg6 hxg6 19. f4 Nfd7 20. Bh3 Nb6 21. Bxc5 dxc5 22. Qf2 Rbd8 23. Qf3 Rd4 24. Ne2 Rdxe4 25. f5 gxf5 26. Bxf5 Re3 27. Qf2 Qe5 28. Kf1 g6 29. Bh3 Qb2 30. Nf4 Rxe1+ 31. Rxe1 Rxe1+ 32. Qxe1 Qxa2 33. Qe8 Qb1+ 34. Kg2 Qxb3 35. Ne6 Qc2+ 36. Kg1 Qc1+ 37. Kg2 Qd2+ 38. Kg1 Qd6 39. Nd8 Nxc4 40. Qxf7+ Kh8 41. Be6 Qd4+ 42. Kg2 Qb2+ 43. Kh3 Qg7 44. Qxg7+ Bxg7 45. Bxc4 b5 46. Bf7 c4 47. Nxc6 a4 48. Bxg6 a3 49. Bb1 c3 50. Nb4 Bf8 51. Na2 1-0

[Event "10th Sharjah Cup Women 2020"]
[Site "Sharjah"]
[Date "2020.01.12"]
[Round "9.19"]
[White "Aysha Nasser H Alshamsi"]
[Black "Jalaluldeen, Kareen Kamal J."]
[Result "0-1"]
[ECO "B01"]
[WhiteElo "1303"]
[BlackElo "1784"]
[Annotator "NA"]
[PlyCount "56"]
[EventDate "2020.01.04"]
[EventType "swiss"]
[EventCountry "UAE"]
[SourceTitle "playchess.com"]
[Source "ChessBase"]
[SourceQuality "1"]
[TimeControl "5400+30"]

1. e4 d5 2. exd5 Qxd5 3. Nc3 Qa5 4. Bc4 Nf6 5. d3 e5 6. Bd2 c6 7. Qe2 Bd6 8. Nf3 Qc7 9. h3 O-O 10. g4 b5 11. Bb3 b4 12. Ne4 Nbd7 13. Ng3 Ba6 14. O-O-O Nc5 15. Bc4 Bxc4 16. dxc4 e4 17. Nd4 Rfe8 18. g5 Nfd7 19. Ndf5 Be5 20. h4 Na4 21. Qg4 Nxb2 22. Rde1 Nxc4 23. Nxe4 Nxd2 24. Nxd2 Bc3 25. Rxe8+ Rxe8 26. h5 Ne5 27. Qg2 Qd7 28. Ne3 Qxd2+ 0-1

[Event "10th Sharjah Cup Women 2020"]
[Site "Sharjah"]
[Date "2020.01.12"]
[Round "9.20"]
[White "Razan, Alshaeby"]
[Black "Khezrian, Nooralzahra"]
[Result "1-0"]
[ECO "C25"]
[WhiteElo "1735"]
[BlackElo "1310"]
[Annotator "NA"]
[PlyCount "81"]
[EventDate "2020.01.04"]
[EventType "swiss"]
[EventCountry "UAE"]
[SourceTitle "playchess.com"]
[Source "ChessBase"]
[SourceQuality "1"]
[TimeControl "5400+30"]

1. e4 e5 2. Nc3 Nc6 3. g3 g6 4. Bg2 Bg7 5. d3 d6 6. Nge2 Nge7 7. O-O f5 8. f4 O-O 9. Be3 fxe4 10. dxe4 exf4 11. gxf4 Bg4 12. h3 Be6 13. Qd2 Qd7 14. Kh2 Rad8 15. Rad1 b6 16. Nb5 Na5 17. Nbd4 Nc4 18. Qc1 c5 19. Nxe6 Bxb2 20. Nxf8 Rxf8 21. Qb1 Nxe3 22. Qxb2 Nxf1+ 23. Rxf1 Nc6 24. Qb3+ Kg7 25. Qc3+ Kg8 26. Qc4+ Kg7 27. Nc3 Nd4 28. Nd5 b5 29. Qd3 Qb7 30. c3 Nc6 31. Qg3 Qa6 32. f5 Nd8 33. fxg6 Rxf1 34. gxh7+ Kxh7 35. Bxf1 Qxa2+ 36. Bg2 Nf7 37. Nf6+ Kh6 38. Ne8 Qe6 39. Qg7+ Kh5 40. Bf3+ Kh4 41. Qg3# 1-0

[Event "10th Sharjah Cup Women 2020"]
[Site "Sharjah"]
[Date "2020.01.12"]
[Round "9.21"]
[White "Alsabbagh Eman"]
[Black "Al Ali, Aisha Saif"]
[Result "1/2-1/2"]
[ECO "B80"]
[WhiteElo "1053"]
[BlackElo "1499"]
[Annotator "NA"]
[PlyCount "42"]
[EventDate "2020.01.04"]
[EventType "swiss"]
[EventCountry "UAE"]
[SourceTitle "playchess.com"]
[Source "ChessBase"]
[SourceQuality "1"]
[TimeControl "5400+30"]

1. e4 c5 2. Nf3 e6 3. d4 cxd4 4. Nxd4 Nf6 5. Nc3 d6 6. Bd3 a6 7. h3 Qc7 8. Be3 b5 9. O-O Bb7 10. Qd2 b4 11. Na4 Qa5 12. b3 Bxe4 13. a3 d5 14. f3 Bxd3 15. cxd3 e5 16. Nc2 d4 17. Bf2 Nc6 18. Rfe1 Be7 19. axb4 Nxb4 20. Nb2 Qb5 21. Nc4 Bf8 1/2-1/2

[Event "10th Sharjah Cup Women 2020"]
[Site "Sharjah"]
[Date "2020.01.12"]
[Round "9.22"]
[White "Khalil, Reem"]
[Black "Al-Shamsi, Ousha"]
[Result "1/2-1/2"]
[ECO "C50"]
[WhiteElo "1295"]
[BlackElo "1484"]
[Annotator "NA"]
[PlyCount "98"]
[EventDate "2020.01.04"]
[EventType "swiss"]
[EventCountry "UAE"]
[SourceTitle "playchess.com"]
[Source "ChessBase"]
[SourceQuality "1"]
[TimeControl "5400+30"]

1. e4 e5 2. Nf3 Nc6 3. Bc4 Bc5 4. d3 Nf6 5. Nbd2 O-O 6. c3 d5 7. Bb3 Bg4 8. O-O Re8 9. h3 Bh5 10. Re1 Qd7 11. Qe2 g5 12. exd5 Nxd5 13. Ne4 Be7 14. g4 Bg6 15. Bxg5 Nf4 16. Bxf4 exf4 17. Nfd2 Kh8 18. d4 f5 19. d5 Na5 20. gxf5 Nxb3 21. Nxb3 Bxf5 22. Qh5 Qxd5 23. Nf6 Rg8+ 24. Ng4 Bd6 25. Rad1 Bxg4 26. Qxd5 Bf3+ 27. Qxg8+ Rxg8+ 28. Kf1 Bxd1 29. Rxd1 Re8 30. Kg2 Re2 31. Rd2 Rxd2 32. Nxd2 Kg7 33. Kf3 Kg6 34. Ke4 Kf6 35. h4 h5 36. Nc4 Bc5 37. f3 Bf2 38. Kxf4 Bxh4 39. Na5 b6 40. Nc6 a5 41. b4 axb4 42. cxb4 Be1 43. a4 h4 44. Kg4 Ke6 45. Nd4+ Ke5 46. Nc2 Bg3 47. a5 bxa5 48. bxa5 Kd5 49. a6 Kc6 1/2-1/2

[Event "10th Sharjah Cup Women 2020"]
[Site "Sharjah"]
[Date "2020.01.12"]
[Round "9.23"]
[White "Fatima, Saif Al-Ali"]
[Black "Mariam Mohammed, Almaeeni"]
[Result "1-0"]
[ECO "C10"]
[WhiteElo "1339"]
[BlackElo "1136"]
[Annotator "NA"]
[PlyCount "41"]
[EventDate "2020.01.04"]
[EventType "swiss"]
[EventCountry "UAE"]
[SourceTitle "playchess.com"]
[Source "ChessBase"]
[SourceQuality "1"]
[TimeControl "5400+30"]

1. e4 e6 2. d4 d5 3. Nc3 dxe4 4. Nxe4 Nd7 5. Nf3 Ngf6 6. Nxf6+ Nxf6 7. Bd3 Bd6 8. O-O O-O 9. Bg5 b6 10. Be4 Rb8 11. Qd3 h6 12. Bh4 g5 13. Bg3 Nxe4 14. Qxe4 Bb7 15. Qd3 Qf6 16. Ne5 Bxe5 17. Bxe5 Qe7 18. Bg3 f5 19. Be5 f4 20. Qg6+ Qg7 21. Qxg7# 1-0